cohdb
Replays
Latest Replays
All Replays
Popular Replays
Top Player Replays
Match Explorer
How It Works
Community
CoH3 Stats
Reddit
Sign in to upload your games and track your stats! →
Sign in with Steam
Match 34878214
Unlisted
Match 34878214
Overview
Messages
Build Orders
End
Construct Infanterie Kompanie
Kettenkrad Recon Vehicle
Selects Mechanized Battlegroup
MG 42 Machine Gun Team
MG 42 Machine Gun Team
GrW 34 Mortar Team
Medical Station
Construct Luftwaffe Kompanie
Selects Spotting Scopes
Grenadier Squad
Jäger Squad
GrW 34 Mortar Team
MG 42 Machine Gun Team
Support Elements
Wirbelwind Flakpanzer
Jäger Squad
Selects Wespe Self-propelled Artillery
Construct Panzergrenadier Kompanie
StuG III G Assault Gun
Marder III M Tank Destroyer
Selects Mechanized Assault
Wespe Self-propelled Artillery
Mechanized Assault
Marder III M Tank Destroyer
Selects Raid Package
Marder III M Tank Destroyer
Mechanized Assault
Pioneer Squad
Atomic Floyd
deadsadbadmad
Alessandro-9891
Hepa
Erkki Metsola
Santiago Arnavisca
0
0
Comments
sign in to comment!
No comments posted yet!